Cogmind - Beta 14 --- EXPLORER MODE // 2024.08.12 @ 19:40:23 // Winter2019/RPGLIKE Player: Gnomed! Result: Escaped! Performance ------------- Evolutions (9) 4500 Regions Visited (21) 4200 Robots Destroyed (607) 3035 Value Destroyed (35749) 35749 Prototype IDs (29) 580 Alien Tech Used (0) 0 Bonus (40460) 40460 TOTAL SCORE: 88524 Bonus ------- Triggered High Security 1000 High Alert Combat Kills 31100 Follower Combat Kills 60 Entered Garrisons 200 Used RIF Installer 500 Entered DSFs 1000 Registered with UFD 300 Met Data Miner 300 Found Hidden Lab 3000 Win 3000 Cogmind --------- Core Integrity 14931/20000 Matter 1303/4750 Energy 25246/25250 System Corruption 43% Temperature Cool (8) Movement Flying (32) Location To Epsilon Eridani Parts ------- > --- POWER (1) -------- Quantum Reactor > --- PROPULSION (6) --- Cesium-ion Thruster Cooled Field Propulsion Drive Impulse Thruster Array Impulse Thruster Array > --- UTILITY (13) ----- Scrap Suit Machine Analyzer Experimental Optical Array Advanced Weapon Cycler Advanced Weapon Cycler Gun Armor Advanced Hardlight Generator Authchip [R/Combat] > --- WEAPON (6) ------- Enhanced Nova Cannon Enhanced Nova Cannon Enhanced Nova Cannon Enhanced Nova Cannon Enhanced Nova Cannon Enhanced Nova Cannon > --- INVENTORY (100) -- Light Ion Engine Subdweller Power Source Subdweller Power Source Subdweller Power Source Subdweller Power Source Reinforced Deuterium Engine Makeshift Power Source Light Fission Core Light Fission Core Particle Reactor Subdweller Monowheel Flight Unit Nuclear Pulse Array Nuclear Pulse Array Scrap Suit Enhanced Quantum Rifle Enhanced Quantum Rifle Enhanced Nova Cannon Enhanced Nova Cannon Enhanced Nova Cannon Enhanced Nova Cannon Enhanced Nova Cannon Enhanced Nova Cannon Enhanced Nova Cannon Enhanced Nova Cannon Enhanced Nova Cannon Enhanced Nova Cannon KE Penetrator KE Penetrator KE Penetrator KE Penetrator KE Penetrator Light Cannon Battle Cannon Mass Driver Mass Driver Mass Driver Mass Driver Mass Driver Mass Driver Compact Mass Driver Compact Mass Driver Compact Mass Driver Compact Mass Driver Compact Mass Driver Compact Mass Driver Heavy Shock Bomb Launcher Subdweller Shrapnel Launcher Dirty Datajack (20) Improved Remote Datajack CPS Tube (2) CPS Tube (2) PL-3XN's Ring of Power Disassembled Obliterator Peak State ------------ > --- POWER ------------ Quantum Reactor > --- PROPULSION ------- Xenon Bombardment Thruster Field Propulsion Drive Impulse Thruster Array Impulse Thruster Array > --- UTILITY ---------- Scrap Suit Machine Analyzer Experimental Optical Array Advanced Weapon Cycler Advanced Weapon Cycler Advanced Weapon Cycler Layered Light Armor Plating Gun Armor Advanced Hardlight Generator Advanced Force Field Authchip [R/Combat] Mapping Drone Bay > --- WEAPON ----------- Enhanced Nova Cannon Enhanced Nova Cannon Enhanced Nova Cannon Enhanced Nova Cannon Enhanced Nova Cannon Fusion Bomb Launcher > --- INVENTORY -------- Light Ion Engine Subdweller Power Source Subdweller Power Source Subdweller Power Source Subdweller Power Source Reinforced Deuterium Engine Makeshift Power Source Light Fission Core Light Fission Core Particle Reactor Subdweller Monowheel Flight Unit Cesium-ion Thruster Nuclear Pulse Array Nuclear Pulse Array Scrap Suit Enhanced Quantum Rifle Enhanced Quantum Rifle Enhanced Nova Cannon Enhanced Nova Cannon Enhanced Nova Cannon Enhanced Nova Cannon Enhanced Nova Cannon Enhanced Nova Cannon Enhanced Nova Cannon Enhanced Nova Cannon Enhanced Nova Cannon Enhanced Nova Cannon Enhanced Nova Cannon Enhanced Nova Cannon Enhanced Nova Cannon Enhanced Nova Cannon KE Penetrator KE Penetrator KE Penetrator KE Penetrator KE Penetrator Light Cannon Battle Cannon Mass Driver Mass Driver Mass Driver Mass Driver Mass Driver Mass Driver Compact Mass Driver Compact Mass Driver Compact Mass Driver Compact Mass Driver Compact Mass Driver Compact Mass Driver Heavy Shock Bomb Launcher Gamma Bomb Array Subdweller Shrapnel Launcher Dirty Datajack Improved Remote Datajack CPS Tube CPS Tube PL-3XN's Ring of Power Disassembled Obliterator [Rating: 225] Favorites ----------- Power Quantum Reactor Engine Light Ion Engine Power Core Neutrino Core Reactor Quantum Reactor Propulsion Flight Unit Flight Unit Flight Unit Utility Advanced Weapon Cycler Device Advanced Weapon Cycler Processor Visual Processing Unit Hackware Authchip [R/Combat] Protection Gun Armor Weapon Light Cannon Energy Gun Medium Laser Energy Cannon Enhanced Nova Cannon Ballistic Gun KE Penetrator Ballistic Cannon Light Cannon Launcher Fusion Bomb Launcher Build | -11 -10 -10 -8 -8 -6 -6 -6 -6 -5 -5 -5 -4 -3 -3 -3 -2 -2 -1 -1 -1 -1 ------- Run | Yrd Mat Sub Rec Scr Fac Low Low Dat Pro Fac DSF Fac Res Arm Lab Res DSF Acc Gar Acc Com Slots Evolved 22 | 22 . . . . . . . . . . . . . . . . . . . . . Power . | . . . . . . . . . . . . . . . . . . . . . . Propulsion 5 | 5 . . . . . . . . . . . . . . . . . . . . . Utility 12 | 12 . . . . . . . . . . . . . . . . . . . . . Weapon 5 | 5 . . . . . . . . . . . . . . . . . . . . . Parts Attached 114 | 6 15 9 . 2 . 6 . . 2 . 2 11 1 21 . 7 . 3 2 15 12 Power 5 | 1 . . . . . 1 . . . . 1 . . 2 . . . . . . . Engine 1 | 1 . . . . . . . . . . . . . . . . . . . . . Core 2 | . . . . . . 1 . . . . 1 . . . . . . . . . . Reactor 2 | . . . . . . . . . . . . . . 2 . . . . . . . Propulsion 23 | . 2 5 . . . . . . . . . . . 6 . . . 1 . 5 4 Treads . | . . . . . . . . . . . . . . . . . . . . . . Leg . | . . . . . . . . . . . . . . . . . . . . . . Wheel . | . . . . . . . . . . . . . . . . . . . . . . Hover . | . . . . . . . . . . . . . . . . . . . . . . Flight 23 | . 2 5 . . . . . . . . . . . 6 . . . 1 . 5 4 Utility 33 | 2 3 4 . 2 . 4 . . . . . 2 . 4 . . . 2 2 8 . Device 20 | 1 2 2 . 2 . 3 . . . . . 1 . 3 . . . 1 2 3 . Storage . | . . . . . . . . . . . . . . . . . . . . . . Processor 6 | 1 1 . . . . . . . . . . 1 . 1 . . . 1 . 1 . Hackware 1 | . . . . . . . . . . . . . . . . . . . . 1 . Protection 6 | . . 2 . . . 1 . . . . . . . . . . . . . 3 . Artifact . | . . . . . . . . . . . . . . . . . . . . . . Weapon 53 | 3 10 . . . . 1 . . 2 . 1 9 1 9 . 7 . . . 2 8 Energy Gun 5 | 2 2 . . . . . . . . . . . . . . 1 . . . . . Energy Cannon 21 | . 1 . . . . . . . . . . 1 . 7 . 6 . . . 1 5 Ballistic Gun 9 | 1 1 . . . . . . . . . . 7 . . . . . . . . . Ballistic Cannon 9 | . 6 . . . . . . . 2 . . . . 1 . . . . . . . Launcher 9 | . . . . . . 1 . . . . 1 1 1 1 . . . . . 1 3 Special Weapon . | . . . . . . . . . . . . . . . . . . . . . . Impact Weapon . | . . . . . . . . . . . . . . . . . . . . . . Slashing Weapon . | . . . . . . . . . . . . . . . . . . . . . . Piercing Weapon . | . . . . . . . . . . . . . . . . . . . . . . Special Melee Weapon . | . . . . . . . . . . . . . . . . . . . . . . Unidentified Prototypes 7 | . . 1 . . . 1 . . . . . . . 2 . . . 1 . . 2 Corrupted Parts 1 | . . . . . . . . . . . . . . . . . . . . . 1 System Corruption 3 | . . . . . . . . . . . . . . . . . . . . . 3 Parts Lost 6 | . . . . . . . . . . . . . . . . . . . . 2 4 Power . | . . . . . . . . . . . . . . . . . . . . . . Propulsion 2 | . . . . . . . . . . . . . . . . . . . . 1 1 Utility 2 | . . . . . . . . . . . . . . . . . . . . 1 1 Weapon 2 | . . . . . . . . . . . . . . . . . . . . . 2 Highest Loss Streak 3 | . . . . . . . . . . . . . . . . . . . . 1 3 To Critical Strikes 1 | . . . . . . . . . . . . . . . . . . . . . 1 Average Slot Usage (%) 77 | . 41 60 80 79 80 90 92 92 92 . 91 90 88 88 88 81 88 88 88 81 77 Engine 1 | . 3 3 3 3 3 1 . . . . . . . . . . . . . . . Reactor 1 | . . . . . . . . . . . . . . 2 3 3 3 3 3 3 3 Flight 16 | . 2 8 23 23 23 23 23 23 23 . 23 22 19 20 19 19 19 19 19 16 14 Device 19 | . 7 15 15 17 19 24 26 26 26 . 26 23 26 24 23 23 23 20 19 21 22 Processor 8 | . 6 7 7 7 7 7 7 7 7 . 7 9 7 9 11 11 11 13 14 8 7 Protection 5 | . . 1 7 4 3 7 7 7 7 . 7 7 7 7 7 7 7 7 7 6 5 Energy Cannon 9 | . 1 . . . . . . . . . . . . 15 19 15 23 23 23 19 12 Ballistic Gun 1 | . 2 . . . . . . . . . . 14 20 3 . . . . . . . Ballistic Cannon 8 | . 12 23 23 23 23 19 19 19 19 . 19 4 . . . . . . . . . Launcher 1 | . . . . . . 2 3 3 3 . 2 2 1 2 3 1 . . . 2 4 Peak Build Rating 225 | 6 15 43 44 52 52 85 86 86 86 86 102 129 132 210 210 210 206 210 221 224 225 Average Rating 130 | 3 11 27 43 48 52 76 85 86 85 86 95 119 131 183 210 197 199 208 211 212 207 On Entrance 112 | . 6 15 43 44 52 52 85 86 86 86 86 102 129 132 210 210 206 199 210 221 224 Naked Turns . | . . . . . . . . . . . . . . . . . . . . . . Heaviest Build 168 | 9 24 51 51 51 34 83 83 83 83 83 84 79 83 131 126 132 132 132 153 168 140 Greatest Support 366 | 323 328 344 344 344 344 344 344 344 344 344 344 344 340 356 356 356 356 359 359 364 366 Greatest Overweight (x) . | . . . . . . . . . . . . . . . . . . . . . . Average Overweight (x) . | . . . . . . . . . . . . . . . . . . . . . . Largest Inventory Capacity 100 | 100 100 100 100 100 100 100 100 100 100 100 100 100 100 100 100 100 100 100 100 100 100 Average Capacity 100 | 100 100 100 100 100 100 100 100 100 100 100 100 100 100 100 100 100 100 100 100 100 100 Most Carried 100 | . 7 39 42 49 48 50 49 49 50 49 71 71 70 100 100 100 95 71 73 75 64 Average Carried 55 | . 3 26 40 47 48 48 48 49 49 49 61 67 68 88 100 97 74 70 70 71 63 Final Capacity 100 | 100 100 100 100 100 100 100 100 100 100 100 100 100 100 100 100 100 100 100 100 100 100 Final Carried 100 | . 6 39 42 48 48 48 49 49 49 49 71 67 69 100 100 95 70 70 73 64 58 Class Distribution -------------------- 49% | Wizard-Scout 42% | Wizard-Sprinter 7% | Wizard-Executioner Dominant Class ---------------- Wizard-Scout | -10/Materials Wizard-Scout | -10/Subcaves Wizard-Scout | -8/Recycling Wizard-Scout | -8/Scraptown Wizard-Scout | -6/Factory Wizard-Scout | -6/Lower Caves Wizard-Scout | -6/Lower Caves Wizard-Scout | -6/Data Miner Wizard-Scout | -5/Proximity Caves Wizard-Scout | -5/Factory Wizard-Scout | -5/DSF Wizard-Scout | -4/Factory Wizard-Scout | -3/Research Wizard-Sprinter | -3/Armory Wizard-Sprinter | -3/Lab Wizard-Sprinter | -2/Research Wizard-Sprinter | -2/DSF Wizard-Sprinter | -1/Access Wizard-Sprinter | -1/Garrison Wizard-Sprinter | -1/Access Wizard-Executioner | -1/Command Resources | -11 -10 -10 -8 -8 -6 -6 -6 -6 -5 -5 -5 -4 -3 -3 -3 -2 -2 -1 -1 -1 -1 ----------- Run | Yrd Mat Sub Rec Scr Fac Low Low Dat Pro Fac DSF Fac Res Arm Lab Res DSF Acc Gar Acc Com Matter Collected 14989 | 278 567 1486 662 314 235 1328 497 . 650 . 335 1729 844 2739 . 143 60 30 20 2572 500 Remotely 10517 | . . . . 249 235 1287 497 . 650 . 335 1729 844 2739 . 143 60 30 20 1699 . Salvage Created 25189 | . 218 355 443 . 97 438 279 . 501 . 255 1343 582 1941 . . 984 802 1008 10384 5559 Parts 1037 | . 20 41 12 . 5 17 11 . 21 . 4 77 27 89 . . 27 36 39 355 256 Haulers Intercepted 9 | . . . . . . . . . . . . 1 . . . . . 1 . 7 . Recyclers Shooed 4 | . . . 1 . . . . . . . . . . . . . . . . 1 2 Parts Field Recycled . | . . . . . . . . . . . . . . . . . . . . . . Retrieved Matter . | . . . . . . . . . . . . . . . . . . . . . . Parts Self-Destructed . | . . . . . . . . . . . . . . . . . . . . . . Prevented . | . . . . . . . . . . . . . . . . . . . . . . Kills | -11 -10 -10 -8 -8 -6 -6 -6 -6 -5 -5 -5 -4 -3 -3 -3 -2 -2 -1 -1 -1 -1 ------- Run | Yrd Mat Sub Rec Scr Fac Low Low Dat Pro Fac DSF Fac Res Arm Lab Res DSF Acc Gar Acc Com Combat Hostiles Destroyed 620 | . 8 28 6 . 2 11 11 . 23 . 2 17 6 54 . . 10 15 14 181 232 Guns 28 | . 1 . . . . . . . . . . 14 5 8 . . . . . . . Cannons 251 | . 7 28 6 . 2 5 8 . 15 . 2 1 . 27 . . 10 13 11 102 14 AOE 293 | . . . . . . 6 3 . 8 . . 2 1 8 . . . . . 54 211 Classes Destroyed 33 | . 3 5 4 . . 1 1 . 1 . 2 4 3 2 . . 1 . . 4 2 Worker 33 | . . . . . . . . . . . . 8 1 . . . . . . 10 14 Builder 10 | . . . 1 . . . . . . . . 2 1 . . . . . . 6 . Tunneler 5 | . . . . . . . . . . . . . 1 . . . . . . 4 . Hauler 9 | . . . . . . . . . . . . 1 . . . . . 1 . 7 . Recycler 9 | . . . 1 . . . . . . . . 1 1 . . . . . . 4 2 Carrier 4 | . . . . . . . . . . . . . . . . . . . . 4 . Mechanic 16 | . . . . . . . . . . . . . . . . . . . . 12 4 Operator 12 | . . . . . . . . . . . . . 1 1 . . . 1 . 7 2 Drone 1 | . . . . . . . . . 1 . . . . . . . . . . . . Turret 2 | . . 2 . . . . . . . . . . . . . . . . . . . Watcher 22 | . 3 . . . . . . . . . . 2 2 2 . . . . . 11 2 Swarmer 67 | . 2 6 . . . . 2 . 5 . . 4 2 5 . . . 5 . 12 24 Cutter 6 | . . . . . . . . . . . . 1 . . . . . . . . 5 Saboteur 20 | . . . . . . . . . . . . . . 8 . . . . . 3 9 Grunt 203 | . 6 2 2 . . 6 4 . 5 . . 1 . 10 . . 3 8 7 75 74 Brawler 31 | . . . . . . . 4 . 1 . . . . . . . . . . 8 18 Duelist 41 | . . . . . . 3 . . 5 . . . . 8 . . . 1 . 11 13 Protector 17 | . . . . . . . . . . . . 1 . 2 . . . . . 8 6 Sentry 52 | . . 1 1 . 2 2 1 . 2 . . 2 3 8 . . . 1 2 22 5 Demolisher 1 | . . . 1 . . . . . . . . . . . . . . . . . . Specialist 4 | . . . . . . . . . . . . . . 2 . . . . 1 . 1 Hunter 56 | . . . . . . . . . . . 1 7 . 4 . . . . 1 11 32 Programmer 50 | . . . 2 . . . . . 4 . . . . 2 . . . . 2 11 29 Heavy 4 | . . . . . . . . . . . 1 1 . . . . 1 . . 1 . Behemoth 13 | . . . . . . . . . . . . . 1 1 . . . . 1 6 4 Armor Guard 4 | . . . . . . . . . . . . . . 4 . . . . . . . Investigator 1 | . . . . . . . . . . . . . . . . . . . . . 1 Striker 9 | . . . . . . . . . . . . . . . . . . . . 6 3 Executioner 14 | . . . . . . . . . . . . . . . . . . . . 7 7 Alpha 7 2 | . . . . . . . . . . . . . . . . . . . . . 2 Artisan 1 | . . 1 . . . . . . . . . . . . . . . . . . . Cobbler 1 | . . 1 . . . . . . . . . . . . . . . . . . . Subdweller 19 | . . 19 . . . . . . . . . . . . . . . . . . . Thug 1 | . . . . . . . . . . . . . . . . . 1 . . . . Butcher 1 | . . . . . . . . . . . . . . . . . 1 . . . . Mutant 4 | . . . . . . . . . . . . . . . . . 4 . . . . Best Kill Streak 169 | . 4 6 7 . 2 6 11 . 20 . 1 22 7 13 . . 9 9 6 57 169 Combat Bots Only 167 | . 4 4 5 . 2 6 11 . 20 . 1 8 2 13 . . 9 8 6 35 167 Max Kills in Single Turn 15 | . 1 2 3 . 1 4 2 . 4 . 1 3 3 3 . . 2 2 1 6 15 Gunslinging 1 | . . . . . . . . . . . . 1 . . . . . . . . . Exploded 15 | . . . . . . 3 2 . 2 . . 1 1 2 . . . . . 3 15 Melee . | . . . . . . . . . . . . . . . . . . . . . . Uniques/NPCs Destroyed . | . . . . . . . . . . . . . . . . . . . . . . Combat | -11 -10 -10 -8 -8 -6 -6 -6 -6 -5 -5 -5 -4 -3 -3 -3 -2 -2 -1 -1 -1 -1 -------- Run | Yrd Mat Sub Rec Scr Fac Low Low Dat Pro Fac DSF Fac Res Arm Lab Res DSF Acc Gar Acc Com Hostile Shots Fired 2690 | . 16 129 12 . 25 22 23 . 58 . 9 100 22 138 . . 32 38 109 749 1208 Missed 1213 | . 8 59 3 . 10 13 9 . 25 . 7 52 10 59 . . 12 21 48 322 555 Damage Taken 10132 | . 39 461 94 . 58 77 104 . 362 . 32 314 75 601 3 . 96 92 359 3356 4009 Core 6682 | . 27 337 56 . 41 51 61 . 240 . 18 196 46 347 . . 41 39 185 2179 2818 Absorbed by Shields 9759 | . . . . . . 69 93 . 340 . 30 293 69 550 3 . 88 85 330 3621 4188 Redirected to Core 5940 | . 27 307 47 . 37 33 61 . 175 . 18 171 46 312 . . 35 39 181 1912 2539 Ignored by Resistances 21027 | . 57 622 73 . 87 169 228 . 456 . 78 796 189 1369 12 . 229 211 678 6681 9092 Regen/Repaired (Parts) 35 | . . . . . . . . . . . . . . 5 . . . . . 10 20 Core Remaining (%) 95 | 100 . . . 99 . . . . 98 . 98 97 . . 98 . 97 . . . 74 Volleys Fired 763 | . 18 76 5 . 3 14 13 . 24 . 6 40 16 72 8 . 17 17 28 263 143 Largest 6 | . 6 6 6 . 6 6 6 . 6 . 6 6 6 6 5 . 6 6 6 6 6 Hottest 720 | . 210 210 210 . 210 215 215 . 215 . 221 246 217 617 565 . 720 720 720 720 720 Shots Fired 3841 | . 88 420 30 . 18 68 74 . 136 . 34 217 92 392 12 . 102 102 163 1526 367 Gun 352 | . 16 . . . . . . . . . . 180 88 68 . . . . . . . Cannon 3083 | . 72 420 30 . 18 58 65 . 115 . 30 31 . 292 5 . 102 102 163 1389 191 Launcher 406 | . . . . . . 10 9 . 21 . 4 6 4 32 7 . . . . 137 176 Special . | . . . . . . . . . . . . . . . . . . . . . . Kinetic 1252 | . 77 420 30 . 18 68 74 . 136 . 32 210 88 68 . . . . . . 31 Thermal 2255 | . 11 . . . . . . . . . . . . 292 5 . 102 102 163 1389 191 Explosive 282 | . . . . . . . . . . . . 1 4 32 7 . . . . 137 101 Electromagnetic 52 | . . . . . . . . . . . 2 6 . . . . . . . . 44 Robot Hit Streak 105 | . 22 81 10 . 17 28 40 . 63 . 32 54 39 95 . . 27 32 38 79 105 Robot Miss Streak 2 | . . 2 1 . 1 1 1 . 1 . . 2 1 1 . . 1 1 2 2 2 Penetration Max 1 | . . . . . . . . . . . . 1 1 1 . . . . . . . Secondary Targets 5 | . . . . . . . . . . . . 3 2 . . . . . . . . Max Gunslinging Chain 1 | . . . . . . . . . . . . 1 1 . . . . . . . . Shots Hit Robots 2019 | . 22 214 15 . 13 34 53 . 86 . 25 160 64 188 . . 41 58 88 714 244 Core Hits 1687 | . 15 50 10 . 6 25 24 . 55 . 12 62 28 96 . . 23 25 24 475 757 Critical Kills 47 | . . . . . . . . . . . . 4 1 11 . . . 2 2 20 7 Critical Parts Destroyed 3 | . . . . . . . . . . . . 2 . 1 . . . . . . . Critical Strikes 74 | . 1 6 1 . 1 1 3 . 6 . . 9 2 13 . . . 2 2 20 7 Meltdown 42 | . . . . . . . . . . . . . . 11 . . . 2 2 20 7 Destroy 10 | . . . . . . . . . . . . 6 2 2 . . . . . . . Blast 22 | . 1 6 1 . 1 1 3 . 6 . . 3 . . . . . . . . . Melee Attacks . | . . . . . . . . . . . . . . . . . . . . . . Impact . | . . . . . . . . . . . . . . . . . . . . . . Slashing . | . . . . . . . . . . . . . . . . . . . . . . Piercing . | . . . . . . . . . . . . . . . . . . . . . . Sneak Attacks . | . . . . . . . . . . . . . . . . . . . . . . Combat Hostiles . | . . . . . . . . . . . . . . . . . . . . . . Follow-up Attacks . | . . . . . . . . . . . . . . . . . . . . . . Damage Inflicted 166811 | . 386 3864 484 . 265 1190 1940 . 3599 . 1087 4618 2404 10755 . . 2592 3556 4340 60944 64787 Guns 7344 | . 117 . . . . . . . . . . 3685 1855 1687 . . . . . . . Cannons 69590 | . 267 3864 484 . 265 565 1056 . 1762 . 421 396 . 6989 . . 2592 3556 4340 36751 6282 Explosions 89875 | . . . . . . 625 884 . 1837 . 666 537 549 2079 . . . . . 24193 58505 Melee . | . . . . . . . . . . . . . . . . . . . . . . Ramming 2 | . 2 . . . . . . . . . . . . . . . . . . . . Kinetic 21969 | . 229 3864 484 . 265 1190 1940 . 3599 . 1004 4060 1855 1687 . . . . . . 1792 Thermal 60845 | . 155 . . . . . . . . . . . . 6989 . . 2592 3556 4340 36751 6462 Explosive 82439 | . . . . . . . . . . . . 358 549 2079 . . . . . 24193 55260 Electromagnetic 1556 | . . . . . . . . . . . 83 200 . . . . . . . . 1273 Impact . | . . . . . . . . . . . . . . . . . . . . . . Slashing . | . . . . . . . . . . . . . . . . . . . . . . Piercing . | . . . . . . . . . . . . . . . . . . . . . . Highest Corruption 43 | . . . . . . . . . 1 . . . . 4 4 . . . 3 11 43 Average Corruption 11 | . . . . . . . . . 1 . . . . 1 4 . . . 2 8 25 Corruption Purged 1 | . . . . . . . . . 1 . . . . . . . . . . . . Corruption Blocked . | . . . . . . . . . . . . . . . . . . . . . . Effects 132 | . . . . . . . . . 1 . . . . 1 . . . . 1 75 54 Message Errors 27 | . . . . . . . . . . . . . . 1 . . . . . 18 8 Matter Fused 19 | . . . . . . . . . 1 . . . . . . . . . . 11 7 Heat Flow Errors 7 | . . . . . . . . . . . . . . . . . . . . 4 3 Energy Discharges 13 | . . . . . . . . . . . . . . . . . . . . 8 5 Parts Rejected 3 | . . . . . . . . . . . . . . . . . . . . 1 2 Data Loss (minor) 4 | . . . . . . . . . . . . . . . . . . . 1 3 . Data Loss (major) 5 | . . . . . . . . . . . . . . . . . . . . 3 2 Misfires 4 | . . . . . . . . . . . . . . . . . . . . 2 2 Alerts 2 | . . . . . . . . . . . . . . . . . . . . 1 1 Misdirections 14 | . . . . . . . . . . . . . . . . . . . . 2 12 Weapon Failures 34 | . . . . . . . . . . . . . . . . . . . . 22 12 Overload Shots . | . . . . . . . . . . . . . . . . . . . . . . Overflow Damage 5083 | . . 37 20 . . 36 61 . 93 . 42 11 166 200 . . 38 166 150 2030 2033 Projectiles 1928 | . . 37 20 . . . 59 . 31 . . . . 150 . . 38 166 150 1197 80 Explosions 3155 | . . . . . . 36 2 . 62 . 42 11 166 50 . . . . . 833 1953 Melee . | . . . . . . . . . . . . . . . . . . . . . . Knockbacks 69 | . 1 32 3 . . 3 10 . 12 . . 8 . . . . . . . . . Impact . | . . . . . . . . . . . . . . . . . . . . . . Kinetic 68 | . 1 32 3 . . 3 10 . 11 . . 8 . . . . . . . . . Secondary 1 | . . . . . . . . . 1 . . . . . . . . . . . . Self-Inflicted Damage 2327 | . 1 . . . . 48 65 . 46 . . 66 . 155 7 . . . . 921 1018 Shots 139 | . . . . . . 2 3 . 3 . . 3 . 5 2 . . . . 30 91 Rammed 1 | . 1 . . . . . . . . . . . . . . . . . . . . Targets Rammed 1 | . 1 . . . . . . . . . . . . . . . . . . . . Kicked . | . . . . . . . . . . . . . . . . . . . . . . Crushed . | . . . . . . . . . . . . . . . . . . . . . . Highest Temperature 28 | . . . . . . . . . . . . . . . . . . . . 28 . Average Temperature 17 | . . . . . . . . . . . . . . . . . . . . 17 . Received Heat Transfer 1565 | . 24 228 9 . 30 39 32 . 68 . . 10 16 148 . . 18 54 64 437 388 Siege Activations . | . . . . . . . . . . . . . . . . . . . . . . Robots Corrupted . | . . . . . . . . . . . . . . . . . . . . . . Combat Hostiles . | . . . . . . . . . . . . . . . . . . . . . . Parts Fried 2 | . . . . . . . . . . . 1 . . . . . . . . . 1 Impact Corruptions . | . . . . . . . . . . . . . . . . . . . . . . Robots Melted 51 | . . . . . . . . . . . . . . 11 . . . 2 3 28 7 Combat Hostiles 47 | . . . . . . . . . . . . . . 11 . . . 2 3 24 7 Parts Melted 133 | . . . . . . . . . . . . . . 11 . . 9 8 16 78 11 Heat Transferred 40138 | . 333 . . . . . . . . . . . . 5472 . . 1887 2590 2710 23620 3526 Parts Sabotaged 10 | . . . . . . . . . 2 . . . . . . . . . . 4 4 Parts Stolen . | . . . . . . . . . . . . . . . . . . . . . . Parts Stripped . | . . . . . . . . . . . . . . . . . . . . . . Power Chain Reactions 7 | . . . . . . . . . . . . . . . . . . . . . 7 Alert | -11 -10 -10 -8 -8 -6 -6 -6 -6 -5 -5 -5 -4 -3 -3 -3 -2 -2 -1 -1 -1 -1 ------- Run | Yrd Mat Sub Rec Scr Fac Low Low Dat Pro Fac DSF Fac Res Arm Lab Res DSF Acc Gar Acc Com Peak Influence 12387 | . 279 . 207 . 120 . . . . 232 258 807 711 1097 . . 239 559 815 10142 12387 Initial 4969 | . . . 42 . . . . . . 232 125 100 314 277 . . . 108 351 370 4969 Average 3335 | . 113 . 131 . 35 . . . . 232 220 428 521 519 . . 85 339 627 5632 8221 Maximum Alert Level 5 | . 1 . 1 . . . . . . 1 1 3 3 3 . . 1 2 3 5 5 Low Security (%) 22 | 100 73 . 80 . 100 . . . . . 25 29 . 21 . 100 86 30 . . . Level 1 11 | . 26 . 19 . . . . . . 100 74 15 31 21 . . 13 21 14 1 . Level 2 10 | . . . . . . . . . . . . 40 60 19 . . . 47 36 3 . Level 3 9 | . . . . . . . . . . . . 14 7 37 . . . . 48 5 . Level 4 2 | . . . . . . . . . . . . . . . . . . . . 8 . Level 5 3 | . . . . . . . . . . . . . . . . . . . . 4 14 High Security 39 | . . . . . . . . . . . . . . . . . . . . 77 85 Max Security . | . . . . . . . . . . . . . . . . . . . . . . Sterilizations 1 | . . . . . . . . . . . . . . . . . . . . 1 . Squads Dispatched 64 | . . . . . 1 . . . 1 . 1 2 . 3 . . 1 1 . 31 23 Investigation 1 | . . . . . . . . . . . . . . . . . . . . . 1 Extermination . | . . . . . . . . . . . . . . . . . . . . . . Reinforcement 10 | . . . . . 1 . . . . . 1 2 . . . . 1 1 . 4 . Assault 53 | . . . . . . . . . 1 . . . . 3 . . . . . 27 22 Garrison . | . . . . . . . . . . . . . . . . . . . . . . Intercept . | . . . . . . . . . . . . . . . . . . . . . . Searches Triggered . | . . . . . . . . . . . . . . . . . . . . . . Construction Impeded 1 | . . . . . . . . . . . . 1 . . . . . . . . . Haulers Reinforced 4 | . . . . . . . . . . . . . . . . . . 1 . 3 . Active Scanning Responses . | . . . . . . . . . . . . . . . . . . . . . . Cargo Convoy Interrupts . | . . . . . . . . . . . . . . . . . . . . . . Stealth | -11 -10 -10 -8 -8 -6 -6 -6 -6 -5 -5 -5 -4 -3 -3 -3 -2 -2 -1 -1 -1 -1 --------- Run | Yrd Mat Sub Rec Scr Fac Low Low Dat Pro Fac DSF Fac Res Arm Lab Res DSF Acc Gar Acc Com Distress Signals 5 | . . . . . . . . . . . . 1 . . . . . . . 2 2 Communications Jammed 25 | . . . . . . . . . . . . . 6 18 . . . 1 . . . Distress Signals 25 | . . . . . . . . . . . . . 6 18 . . . 1 . . . Times Spotted 741 | . 12 29 6 . 3 9 14 . 23 . 2 19 8 59 . . 10 14 13 242 278 Peak Tracking Total 99 | . 2 6 3 . 2 5 7 . 9 . 1 4 2 7 . . 4 5 6 22 99 Tactical Retreats 18 | . . 1 . . 1 . 3 . . . . 1 . 1 . . . . . 3 8 Traps | -11 -10 -10 -8 -8 -6 -6 -6 -6 -5 -5 -5 -4 -3 -3 -3 -2 -2 -1 -1 -1 -1 ------- Run | Yrd Mat Sub Rec Scr Fac Low Low Dat Pro Fac DSF Fac Res Arm Lab Res DSF Acc Gar Acc Com Traps Triggered 73 | . 2 . . . . . . . . . 4 3 . 5 . . 1 . 2 2 54 Indirectly 55 | . . . . . . . . . . . . 2 . . . . . . . . 53 Trap Hack Attempts . | . . . . . . . . . . . . . . . . . . . . . . Triggered . | . . . . . . . . . . . . . . . . . . . . . . Disarmed . | . . . . . . . . . . . . . . . . . . . . . . Reprogrammed . | . . . . . . . . . . . . . . . . . . . . . . Reused . | . . . . . . . . . . . . . . . . . . . . . . Traps Extracted . | . . . . . . . . . . . . . . . . . . . . . . Installed . | . . . . . . . . . . . . . . . . . . . . . . Triggered 2 | . . . . . . 1 . . . . . . . . . . . . . . 1 Machines | -11 -10 -10 -8 -8 -6 -6 -6 -6 -5 -5 -5 -4 -3 -3 -3 -2 -2 -1 -1 -1 -1 ---------- Run | Yrd Mat Sub Rec Scr Fac Low Low Dat Pro Fac DSF Fac Res Arm Lab Res DSF Acc Gar Acc Com Machines Disabled 115 | . 3 3 . . . 1 2 . 2 . . 9 2 23 1 . . 2 2 53 12 Max in Single Turn 5 | . 1 1 . . . 1 2 . 1 . . 5 1 2 1 . . 1 1 2 2 Garrison Access 6 | . . . . . . . . . . . . 1 . . . . . . . 5 . Phase Generator 1 | . . . . . . . . . . . . . . . . . . . . . 1 Energy Cycler 1 | . . . . . . . . . . . . . . 1 . . . . . . . Machines Repaired . | . . . . . . . . . . . . . . . . . . . . . . Machines Dismantled . | . . . . . . . . . . . . . . . . . . . . . . Machines Sabotaged . | . . . . . . . . . . . . . . . . . . . . . . Overloaded Fab Kills . | . . . . . . . . . . . . . . . . . . . . . . Hacking | -11 -10 -10 -8 -8 -6 -6 -6 -6 -5 -5 -5 -4 -3 -3 -3 -2 -2 -1 -1 -1 -1 --------- Run | Yrd Mat Sub Rec Scr Fac Low Low Dat Pro Fac DSF Fac Res Arm Lab Res DSF Acc Gar Acc Com Machines Accessed 29 | . . 3 . 7 . 1 . 4 . 1 . 2 . 5 . 1 . 2 1 . 2 Terminals 11 | . . . . . . . . . . 1 . 1 . 4 . 1 . 1 1 . 2 Fabricators 1 | . . . . . . . . . . . . . . 1 . . . . . . . Repair Stations . | . . . . . . . . . . . . . . . . . . . . . . Recycling Units . | . . . . . . . . . . . . . . . . . . . . . . Scanalyzers . | . . . . . . . . . . . . . . . . . . . . . . Garrison Access 2 | . . . . . . . . . . . . 1 . . . . . 1 . . . Total Hacks 110 | . . 7 . 45 . 1 . 27 . 1 . 2 . 20 . 1 . 3 1 . 2 Successful 110 | . . 7 . 45 . 1 . 27 . 1 . 2 . 20 . 1 . 3 1 . 2 Failed . | . . . . . . . . . . . . . . . . . . . . . . Catastrophic . | . . . . . . . . . . . . . . . . . . . . . . Database Lockouts . | . . . . . . . . . . . . . . . . . . . . . . Manual 24 | . . . . . . . . . . . . 1 . 18 1 . . 2 . . 2 Terminals 26 | . . . . . . . . . . 1 . 1 . 18 . 1 . 2 1 . 2 Fabricators 2 | . . . . . . . . . . . . . . 2 . . . . . . . Repair Stations . | . . . . . . . . . . . . . . . . . . . . . . Recycling Units . | . . . . . . . . . . . . . . . . . . . . . . Scanalyzers . | . . . . . . . . . . . . . . . . . . . . . . Garrison Access 2 | . . . . . . . . . . . . 1 . . . . . 1 . . . Terminal Hacks 106 | . . 7 . 45 . 1 . 27 . 1 . 1 . 18 . 1 . 2 1 . 2 Record 57 | . . 6 . 39 . . . 11 . . . . . 1 . . . . . . . Part Schematic 8 | . . . . . . . . 8 . . . . . . . . . . . . . Robot Schematic 5 | . . . . . . . . 5 . . . . . . . . . . . . . Robot Analysis 5 | . . . . 5 . . . . . . . . . . . . . . . . . Prototype ID Bank 3 | . . . . . . . . 3 . . . . . . . . . . . . . Open Door 3 | . . 1 . . . 1 . . . . . . . 1 . . . . . . . Open DSF 2 | . . . . . . . . . . 1 . . . . . 1 . . . . . Level Access Points 1 | . . . . . . . . . . . . . . . . . . 1 . . . Branch Access Points 2 | . . . . . . . . . . . . 1 . . . . . 1 . . . Emergency Access Points 1 | . . . . . . . . . . . . . . . . . . . 1 . . Unreport Threat 16 | . . . . . . . . . . . . . . 16 . . . . . . . Zone Layout 2 | . . . . . . . . . . . . . . . . . . . . . 2 Derelict Proto ID Bank 1 | . . . . 1 . . . . . . . . . . . . . . . . . Fabricator Hacks 2 | . . . . . . . . . . . . . . 2 . . . . . . . Load Schematic 1 | . . . . . . . . . . . . . . 1 . . . . . . . Build 1 | . . . . . . . . . . . . . . 1 . . . . . . . Repair Station Hacks . | . . . . . . . . . . . . . . . . . . . . . . Recycling Unit Hacks . | . . . . . . . . . . . . . . . . . . . . . . Scanalyzer . | . . . . . . . . . . . . . . . . . . . . . . Garrison Access Hacks 2 | . . . . . . . . . . . . 1 . . . . . 1 . . . Unlock Access 1 | . . . . . . . . . . . . . . . . . . 1 . . . Seal Access 1 | . . . . . . . . . . . . 1 . . . . . . . . . Unauthorized Hacks . | . . . . . . . . . . . . . . . . . . . . . . Terminals . | . . . . . . . . . . . . . . . . . . . . . . Fabricators . | . . . . . . . . . . . . . . . . . . . . . . Repair Stations . | . . . . . . . . . . . . . . . . . . . . . . Recycling Units . | . . . . . . . . . . . . . . . . . . . . . . Scanalyzers . | . . . . . . . . . . . . . . . . . . . . . . Garrison Access . | . . . . . . . . . . . . . . . . . . . . . . Data Cores Recovered 2 | . . . . . . . . . . . . . 1 1 . . . . . . . Used . | . . . . . . . . . . . . . . . . . . . . . . Hacking Detections 4 | . . . . . . . . . . . . . . 3 . . . 1 . . . Full Trace Events . | . . . . . . . . . . . . . . . . . . . . . . Feedback Events . | . . . . . . . . . . . . . . . . . . . . . . Feedback Blocked . | . . . . . . . . . . . . . . . . . . . . . . Robot Schematics Acquired 5 | . . . . . . . . 5 . . . . . . . . . . . . . Robots Built . | . . . . . . . . . . . . . . . . . . . . . . Authchips . | . . . . . . . . . . . . . . . . . . . . . . Time 50 | . . . . . . . . . . . . . . 50 . . . . . . . Total Robot Build Rating . | . . . . . . . . . . . . . . . . . . . . . . Part Schematics Acquired 8 | . . . . . . . . 8 . . . . . . . . . . . . . Parts Built . | . . . . . . . . . . . . . . . . . . . . . . Authchips . | . . . . . . . . . . . . . . . . . . . . . . Time . | . . . . . . . . . . . . . . . . . . . . . . Total Part Build Rating . | . . . . . . . . . . . . . . . . . . . . . . Parts Repaired . | . . . . . . . . . . . . . . . . . . . . . . Time . | . . . . . . . . . . . . . . . . . . . . . . Parts Recycled . | . . . . . . . . . . . . . . . . . . . . . . Recycled Matter . | . . . . . . . . . . . . . . . . . . . . . . Retrieved Matter . | . . . . . . . . . . . . . . . . . . . . . . Retrieved Components . | . . . . . . . . . . . . . . . . . . . . . . Parts Scanalyzed . | . . . . . . . . . . . . . . . . . . . . . . Part Schematics Acquired . | . . . . . . . . . . . . . . . . . . . . . . Parts Damaged . | . . . . . . . . . . . . . . . . . . . . . . Bothacking | -11 -10 -10 -8 -8 -6 -6 -6 -6 -5 -5 -5 -4 -3 -3 -3 -2 -2 -1 -1 -1 -1 ------------ Run | Yrd Mat Sub Rec Scr Fac Low Low Dat Pro Fac DSF Fac Res Arm Lab Res DSF Acc Gar Acc Com Used RIF Installer 1 | . . . . . . . . . . . . . . . . . . . 1 . . Robots Hacked . | . . . . . . . . . . . . . . . . . . . . . . Non-combat . | . . . . . . . . . . . . . . . . . . . . . . Combat . | . . . . . . . . . . . . . . . . . . . . . . Robot Hacks Applied . | . . . . . . . . . . . . . . . . . . . . . . Relay Couplers Released . | . . . . . . . . . . . . . . . . . . . . . . Fabnet Peak Effective % . | . . . . . . . . . . . . . . . . . . . . . . Robots Rewired . | . . . . . . . . . . . . . . . . . . . . . . Allies Hacked 1 | . . . . . . . . . . . . . . . . . . . 1 . . Hacks Repelled . | . . . . . . . . . . . . . . . . . . . . . . Allies | -11 -10 -10 -8 -8 -6 -6 -6 -6 -5 -5 -5 -4 -3 -3 -3 -2 -2 -1 -1 -1 -1 -------- Run | Yrd Mat Sub Rec Scr Fac Low Low Dat Pro Fac DSF Fac Res Arm Lab Res DSF Acc Gar Acc Com Total Allies 2 | . . . . . . . . . . . . . . . . . . . 2 . . Largest Group 2 | . . . . . . . . . . . . . . . . . . . 2 . . Highest-Rated Group 97 | . . . . . . . . . . . . . . . . . . . 97 . . Highest-Rated Ally 51 | . . . . . . . . . . . . . . . . . . . 51 . . Total Orders 4 | . . . . . . . . . . . . . . . . . . . . 4 . EXPLORE 4 | . . . . . . . . . . . . . . . . . . . . 4 . Ally Attacks 14 | . . . . . . . . . . . . . . . . . . . 14 . . Total Damage 317 | . . . . . . . . . . . . . . . . . . . 317 . . Kills 2 | . . . . . . . . . . . . . . . . . . . 2 . . Allies Corrupted . | . . . . . . . . . . . . . . . . . . . . . . Allies Melted . | . . . . . . . . . . . . . . . . . . . . . . Intel | -11 -10 -10 -8 -8 -6 -6 -6 -6 -5 -5 -5 -4 -3 -3 -3 -2 -2 -1 -1 -1 -1 ------- Run | Yrd Mat Sub Rec Scr Fac Low Low Dat Pro Fac DSF Fac Res Arm Lab Res DSF Acc Gar Acc Com Robot Analysis Total 5 | . . . . 5 . . . . . . . . . . . . . . . . . Derelict Logs Recovered 8 | . . 2 . 5 . . 1 . . . . . . . . . . . . . . Drone Launches 3 | . . . . . . . . . . . . . . . . . . . . 3 . Drone Recoveries . | . . . . . . . . . . . . . . . . . . . . . . Exploration | -11 -10 -10 -8 -8 -6 -6 -6 -6 -5 -5 -5 -4 -3 -3 -3 -2 -2 -1 -1 -1 -1 ------------- Run | Yrd Mat Sub Rec Scr Fac Low Low Dat Pro Fac DSF Fac Res Arm Lab Res DSF Acc Gar Acc Com Turns Passed 6727 | 63 471 1042 210 394 63 198 129 23 167 4 110 243 156 568 19 33 115 183 155 1727 654 Spaces Moved 11728 | 60 719 1906 678 1541 201 531 257 90 274 15 247 283 274 884 22 84 169 309 204 1910 1070 Core 445 | 60 385 . . . . . . . . . . . . . . . . . . . . Treads . | . . . . . . . . . . . . . . . . . . . . . . Legs . | . . . . . . . . . . . . . . . . . . . . . . Wheels . | . . . . . . . . . . . . . . . . . . . . . . Hover . | . . . . . . . . . . . . . . . . . . . . . . Flight 11283 | . 334 1906 678 1541 201 531 257 90 274 15 247 283 274 884 22 84 169 309 204 1910 1070 Fastest Speed 24 | 50 37 25 25 25 25 25 25 25 25 25 25 25 28 24 27 27 27 27 28 28 32 Average Speed 30 | 50 43 35 25 25 25 25 25 25 25 25 25 25 28 26 27 27 27 27 28 30 33 Slowest Speed 50 | 50 50 37 25 25 25 25 25 25 25 25 25 28 28 31 27 27 27 28 28 39 42 Overloaded Moves . | . . . . . . . . . . . . . . . . . . . . . . Propulsion Burnouts . | . . . . . . . . . . . . . . . . . . . . . . Robots Hopped 35 | . 1 1 9 1 2 . 1 . . . . 1 2 1 . . . 1 . 11 4 Cave-ins Triggered 6 | . . . . . . . . . 1 . . . . . . . . . . 5 . Exploration Rate (%) 51 | 4 84 94 94 93 10 85 62 79 63 1 98 12 13 60 14 1 98 16 39 70 45 Regions Visited 21 Branch Regions 10 Pre-discovered Areas 7 | . . . . 6 . . . 1 . . . . . . . . . . . . . Known Exits Taken 18 | 1 1 1 1 1 1 1 1 1 1 1 . 1 1 1 1 1 . 1 . 1 . Unknown Exits Taken . | . . . . . . . . . . . . . . . . . . . . . . Scrap Searched 20 | . . 12 . 3 . 3 2 . . . . . . . . . . . . . . Spaces Dug 273 | . 1 . . . . 10 . . 19 . . 24 3 11 . . 18 . . 186 1 Terrain Destroyed 4548 | . 6 . 2 . . 114 121 . 232 . 19 73 74 424 37 . 39 14 31 2230 1132 Melee . | . . . . . . . . . . . . . . . . . . . . . . Projectile 526 | . 6 . 2 . . . 2 . 1 . . 37 20 61 . . 39 14 31 284 29 AOE 4021 | . . . . . . 114 119 . 231 . 19 36 54 362 37 . . . . 1946 1103 Terrain Rammed . | . . . . . . . . . . . . . . . . . . . . . . Walls Destroyed . | . . . . . . . . . . . . . . . . . . . . . . Machines Disabled . | . . . . . . . . . . . . . . . . . . . . . . Actions | -11 -10 -10 -8 -8 -6 -6 -6 -6 -5 -5 -5 -4 -3 -3 -3 -2 -2 -1 -1 -1 -1 --------- Run | Yrd Mat Sub Rec Scr Fac Low Low Dat Pro Fac DSF Fac Res Arm Lab Res DSF Acc Gar Acc Com Total 13430 | 89 823 2045 693 1547 201 558 281 89 301 14 277 342 304 1089 29 97 222 374 251 2576 1228 Wait 558 | 24 49 3 17 . . . . . 1 . . . . 39 . . . 21 13 391 . Move 11639 | 59 716 1903 661 1538 196 530 254 89 273 14 246 280 269 881 21 83 168 307 202 1888 1061 Hop 30 | . 1 1 7 1 2 . 1 . . . . 1 2 1 . . . 1 . 8 4 Pick Up 136 | . 12 37 3 5 . 3 1 . 1 . 21 2 2 37 . . 6 . 3 1 2 Fast Attach 51 | 6 9 5 . 2 . 1 . . 1 . 1 3 . 13 . . . 1 2 4 3 Attach 53 | . 6 3 . . . 3 . . 1 . 1 8 1 2 . 7 . 1 . 11 9 Detach 13 | . . 1 . . . . . . . . . 2 1 5 . 2 . . . 1 1 Swap 10 | . . 1 . . . 2 . . . . . . . 6 . . . 1 . . . Drop 92 | . 7 3 . 1 . 1 . . . . 2 6 . 24 . 5 31 2 2 3 5 Fire 763 | . 18 76 5 . 3 14 13 . 24 . 6 40 16 72 8 . 17 17 28 263 143 Melee . | . . . . . . . . . . . . . . . . . . . . . . Ram 1 | . 1 . . . . . . . . . . . . . . . . . . . . Kick . | . . . . . . . . . . . . . . . . . . . . . . Crush . | . . . . . . . . . . . . . . . . . . . . . . Escape Stasis 2 | . . . . . . . . . . . . . . . . . . . . 2 . Rewire . | . . . . . . . . . . . . . . . . . . . . . . Trap . | . . . . . . . . . . . . . . . . . . . . . . Miscellaneous 82 | . 4 12 . . . 4 12 . . . . . 13 9 . . . 23 1 4 . Route ------- -11/Scrapyard -10/Materials (discovered 6 exits: *Mat x3 / *Min x2 / *Sub) -10/Subcaves (discovered 3 exits: *Mat x2 / *Rec) -8/Recycling (discovered 2 exits: *Fac / *Scr) -8/Scraptown (discovered 2 exits: *Fac x2) -6/Factory (discovered 3 exits: Fac / *Low x2) -6/Lower Caves -6/Lower Caves (discovered 2 exits: Fac / *Dat) -6/Data Miner -5/Proximity Caves -5/Factory (discovered 4 exits: Fac x2 / Upp / DSF) -5/DSF -4/Factory (discovered 3 exits: *Res / Upp x2) -3/Research (discovered 3 exits: Res / *Arm / Tes) -3/Armory (discovered 2 exits: *Res / *Lab) -3/Lab -2/Research -2/DSF -1/Access (discovered 3 exits: Sur / Com / Gar) -1/Garrison -1/Access (discovered 2 exits: *Sur / *Com) -1/Command To Epsilon Eridani History --------- Turn | Location | Event 1 | -11/Scrapyard | Upgraded with Propulsion slot (x5) 1 | -11/Scrapyard | Upgraded with Utility slot (x12) 1 | -11/Scrapyard | Upgraded with Weapon slot (x5) 2 | -11/Scrapyard | Met Revision 17 2 | -11/Scrapyard | Identified exit to Materials 2 | -11/Scrapyard | Discovered exit to Materials (range 18) 64 | -11/Scrapyard | Entered Materials 157 | -10/Materials | Identified exit to Mines 157 | -10/Materials | Discovered exit to Mines (range 13) 219 | -10/Materials | Identified exit to Subcaves 219 | -10/Materials | Discovered exit to Subcaves (range 14) 219 | -10/Materials | Identified exit to Materials 219 | -10/Materials | Discovered exit to Materials (range 14) 304 | -10/Materials | Build established: Wizard-Scout 331 | -10/Materials | Discovered exit to Mines (range 14) 368 | -10/Materials | Discovered exit to Materials (range 32) 381 | -10/Materials | Discovered exit to Materials (range 21) 535 | -10/Materials | Entered Subcaves 537 | -10/Subcaves | Reached level 2 544 | -10/Subcaves | Learned location of 1 exit from Materials 555 | -10/Subcaves | A swath of the cavern ceiling suddenly collapsed 557 | -10/Subcaves | Visited Clippyterm 558 | -10/Subcaves | Learned Factory emergency access door positions 558 | -10/Subcaves | Learned Factory stockpile data 577 | -10/Subcaves | Identified exit to Recycling 577 | -10/Subcaves | Discovered exit to Recycling (range 13) 612 | -10/Subcaves | Disturbed a concealed Subdweller 689 | -10/Subcaves | Shifting Twisted Machinery released Sub. Laser 713 | -10/Subcaves | Shifting Twisted Machinery released Battle Rifle 737 | -10/Subcaves | Ambushed by angry Subdweller bent on revenge 1062 | -10/Subcaves | Ambushed by Subdwellers from Twisted Machinery 1091 | -10/Subcaves | Ambushed by Subdwellers from Twisted Machinery 1202 | -10/Subcaves | Identified exit to Materials 1202 | -10/Subcaves | Discovered exit to Materials (range 14) 1236 | -10/Subcaves | Discovered exit to Materials (range 13) 1290 | -10/Subcaves | A swath of the cavern ceiling suddenly collapsed 1306 | -10/Subcaves | Disturbed a concealed Subdweller 1342 | -10/Subcaves | Learned Materials emergency access door positions 1357 | -10/Subcaves | Visited 4L-MR0's lab 1363 | -10/Subcaves | Found Prototype Protection 1364 | -10/Subcaves | Identified Gun Armor 1481 | -10/Subcaves | Shifting Twisted Machinery released Sub. Shrapnel Launcher 1483 | -10/Subcaves | Shifting Twisted Machinery released Sub. Shrapnel Launcher 1550 | -10/Subcaves | Reached level 3 1577 | -10/Subcaves | Entered Recycling 1578 | -8/Recycling | Met a Zionite searching for Scraptown 1579 | -8/Recycling | Reached level 4 1579 | -8/Recycling | Reached level 5 1696 | -8/Recycling | Identified exit to Factory 1696 | -8/Recycling | Discovered exit to Factory (range 14) 1780 | -8/Recycling | Scanned before Scraplab entrance 1783 | -8/Recycling | Identified exit to Scraptown 1783 | -8/Recycling | Discovered exit to Scraptown (range 14) 1784 | -8/Recycling | Entered Scraplab 1787 | -8/Recycling | Entered Scraptown 1789 | -8/Scraptown | Reached level 6 1803 | -8/Scraptown | Visited UFD Registry 1803 | -8/Scraptown | Registered with UFD as "Protoncell" 1813 | -8/Scraptown | Visited Junk Repository 1823 | -8/Scraptown | Visited Science Testing Area 1828 | -8/Scraptown | Visited Analyses Database 1839 | -8/Scraptown | Discovered exit to Factory (range 13) 1843 | -8/Scraptown | Found Scrap Suit 1845 | -8/Scraptown | Found Scrap Suit 1864 | -8/Scraptown | Visited Cartography Club 1891 | -8/Scraptown | Learned location of Mines (-8) 1891 | -8/Scraptown | Learned location of Recycling (-8) 1891 | -8/Scraptown | Learned location of Lower Caves (-6) 1891 | -8/Scraptown | Learned location of Extension (-5) 1891 | -8/Scraptown | Learned location of Cetus (-5) 1891 | -8/Scraptown | Learned 16 Materials zone layouts 1891 | -8/Scraptown | Learned 4 Storage zone layouts 1891 | -8/Scraptown | Learned 4 Recycling zone layouts 1891 | -8/Scraptown | Learned 8 Upper Caves zone layouts 1891 | -8/Scraptown | Learned location of 3 exits from Lower Caves 1891 | -8/Scraptown | Learned 20 Proximity Caves zone layouts 1891 | -8/Scraptown | Learned location of 1 exit from Upper Caves 1891 | -8/Scraptown | Learned location of 1 exit from Proximity Caves 1904 | -8/Scraptown | Visited Junk Repository 1911 | -8/Scraptown | Visited Research Penetration Think Tank 1939 | -8/Scraptown | Visited Science Guys 1956 | -8/Scraptown | Delivered Scrap Shield to a Scientist 1984 | -8/Scraptown | Visited Scrap Suit Storage 1995 | -8/Scraptown | Visited Botcube Research 2001 | -8/Scraptown | Visited Infowarlord's Domain 2003 | -8/Scraptown | Found Exp. Terrain Scanner 2014 | -8/Scraptown | Visited Shadow of the Wyrm 2018 | -8/Scraptown | Visited The Evicted 2021 | -8/Scraptown | Visited Spacefarers 2028 | -8/Scraptown | Visited SPCMW 2033 | -8/Scraptown | Visited TADAMA 2038 | -8/Scraptown | Discovered exit to Factory (range 30) 2042 | -8/Scraptown | Scanned Subdweller tech in exchange for log data 2043 | -8/Scraptown | Learned Factory trap positions 2043 | -8/Scraptown | Learned location of Testing (-3) 2044 | -8/Scraptown | Learned location of 1 exit from Factory 2044 | -8/Scraptown | Learned 12 Factory zone layouts 2125 | -8/Scraptown | Visited Scrapoid Research Area 2146 | -8/Scraptown | Guru changed UFD alias to "Cryotorch" 2181 | -8/Scraptown | Entered Factory 2182 | -6/Factory | Identified exit to Lower Caves 2183 | -6/Factory | Identified exit to Factory 2183 | -6/Factory | Reached level 7 2183 | -6/Factory | Reached level 8 2183 | -6/Factory | Reached level 9 2183 | -6/Factory | Reached level 10 2183 | -6/Factory | Reached level 11 2183 | -6/Factory | Reached level 12 2185 | -6/Factory | Loaded intel: 77 trap records 2244 | -6/Factory | Entered Lower Caves 2245 | -6/Lower Caves | Identified exit to Lower Caves 2246 | -6/Lower Caves | UFD Scientist delivered a prototype 2246 | -6/Lower Caves | Reached level 13 2246 | -6/Lower Caves | Found Prototype Protection 2247 | -6/Lower Caves | Identified Enh. Scrap Shield 2396 | -6/Lower Caves | Attracted the attention of an 0b10 outpost 2399 | -6/Lower Caves | Reached level 14 2429 | -6/Lower Caves | Encountered a Warlord checkpoint 2442 | -6/Lower Caves | Entered another Lower Caves area 2443 | -6/Lower Caves | Discovered exit to Factory (range 28) 2443 | -6/Lower Caves | Identified exit to Data Miner 2445 | -6/Lower Caves | Learned location of 2 exits from Factory 2493 | -6/Lower Caves | Attracted the attention of an 0b10 outpost 2500 | -6/Lower Caves | Reached level 15 2537 | -6/Lower Caves | Destroyed 11 combat bots 2571 | -6/Lower Caves | Entered Data Miner 2571 | -6/Data Miner | Identified exit to Proximity Caves 2571 | -6/Data Miner | Discovered exit to Proximity Caves (range 6) 2572 | -6/Data Miner | Met Data Miner 2582 | -6/Data Miner | Learned location of Section 7 (-2) 2582 | -6/Data Miner | Acquired the access code to Warlord's prototype stash 2586 | -6/Data Miner | Received God Mode back door access code from Data Miner 2594 | -6/Data Miner | Entered Proximity Caves 2596 | -5/Proximity Caves | Reached level 16 2661 | -5/Proximity Caves | Reached level 17 2672 | -5/Proximity Caves | Attracted the attention of an 0b10 outpost 2723 | -5/Proximity Caves | Reached level 18 2741 | -5/Proximity Caves | Attracted the attention of an 0b10 checkpoint 2748 | -5/Proximity Caves | Destroyed 20 combat bots 2755 | -5/Proximity Caves | Crushed by falling debris 2761 | -5/Proximity Caves | Entered Factory 2762 | -5/Factory | Identified exit to Upper Caves 2763 | -5/Factory | Identified exit to Factory 2763 | -5/Factory | Reached level 19 2765 | -5/Factory | Identified exit to DSF 2765 | -5/Factory | Entered DSF 2767 | -5/DSF | Reached level 20 2786 | -5/DSF | Discovered exit to Factory (range 30) 2790 | -5/DSF | Additional patrols routed to DSF 2875 | -5/DSF | Entered Factory 2877 | -4/Factory | Reached level 21 2879 | -4/Factory | Identified exit to Upper Caves 3020 | -4/Factory | Reached level 22 3045 | -4/Factory | Destroyed 8 combat bots 3047 | -4/Factory | Identified exit to Research 3047 | -4/Factory | Discovered exit to Research (range 30) 3118 | -4/Factory | Entered Research 3119 | -3/Research | Identified exit to Armory 3119 | -3/Research | Identified exit to Testing 3120 | -3/Research | Reached level 23 3134 | -3/Research | Identified exit to Research 3134 | -3/Research | Discovered exit to Research (range 29) 3134 | -3/Research | Spotted B-86 Titan 3141 | -3/Research | Reached level 24 3176 | -3/Research | Found Fusion Bomb Launcher 3178 | -3/Research | Spotted B-86 Titan 3198 | -3/Research | Destroyed B-86 Titan 3274 | -3/Research | Entered Armory 3276 | -3/Armory | Reached level 25 3383 | -3/Armory | Destroyed 7 combat bots 3405 | -3/Armory | Reached level 26 3505 | -3/Armory | Spotted B-86 Titan 3524 | -3/Armory | First assault squad dispatched 3524 | -3/Armory | Destroyed B-86 Titan 3535 | -3/Armory | Discovered exit to Research (range 19) 3572 | -3/Armory | Found Adv. Powered Armor 3573 | -3/Armory | Found Adv. Powered Armor 3629 | -3/Armory | Reached level 27 3664 | -3/Armory | Build established: Wizard-Sprinter 3683 | -3/Armory | Destroyed 11 combat bots 3718 | -3/Armory | Spotted Armor Guard 3718 | -3/Armory | Spotted Armor Guard 3719 | -3/Armory | Destroyed Armor Guard 3722 | -3/Armory | Destroyed Armor Guard 3730 | -3/Armory | Spotted Armor Guard 3730 | -3/Armory | Spotted Armor Guard 3730 | -3/Armory | Destroyed Armor Guard 3745 | -3/Armory | Destroyed Armor Guard 3752 | -3/Armory | Breached Obliterator storage 3757 | -3/Armory | Found PL-3XN's Ring of Power 3764 | -3/Armory | Found Disassembled Obliterator 3766 | -3/Armory | Destroyed 7 combat bots 3772 | -3/Armory | Energy Cycler disabled 3798 | -3/Armory | Reached level 28 3822 | -3/Armory | Destroyed 13 combat bots 3838 | -3/Armory | Identified exit to Lab 3838 | -3/Armory | Discovered exit to Lab (range 3) 3842 | -3/Armory | Entered Lab 3842 | -3/Lab | Discovered exit to Research (range 9) 3846 | -3/Lab | Gained access to the hidden lab's interior 3846 | -3/Lab | Reached level 29 3846 | -3/Lab | Unable to decrypt terminal 3861 | -3/Lab | Entered Research 3863 | -2/Research | Reached level 30 3894 | -2/Research | Identified exit to DSF 3894 | -2/Research | Entered DSF 3916 | -2/DSF | Additional patrols routed to DSF 3923 | -2/DSF | Wild Derelicts raided the area 3950 | -2/DSF | Identified exit to Access 3950 | -2/DSF | Discovered exit to Access (range 14) 3996 | -2/DSF | Destroyed 9 combat bots 4009 | -2/DSF | Entered Access 4011 | -1/Access | Reached level 31 4019 | -1/Access | Identified exit to Command 4019 | -1/Access | Identified exit to Surface 4041 | -1/Access | Reached level 32 4103 | -1/Access | Destroyed 8 combat bots 4191 | -1/Access | Spotted B-99 Colossus 4192 | -1/Access | Identified exit to Garrison 4192 | -1/Access | Entered Garrison 4194 | -1/Garrison | Reached level 33 4238 | -1/Garrison | Rescued a captive Derelict 4242 | -1/Garrison | Rescued a captive Derelict 4245 | -1/Garrison | Spotted B-99 Colossus 4246 | -1/Garrison | Triggered checkpoint 4256 | -1/Garrison | Destroyed B-99 Colossus 4332 | -1/Garrison | Installed Relay Interface Framework 4333 | -1/Garrison | Identified exit to Access 4333 | -1/Garrison | Discovered exit to Access (range 16) 4347 | -1/Garrison | Entered Access 4412 | -1/Access | Spotted B-99 Colossus 4420 | -1/Access | Reached level 34 4437 | -1/Access | Crushed by falling debris 4464 | -1/Access | Spotted B-99 Colossus 4485 | -1/Access | Destroyed B-99 Colossus 4494 | -1/Access | Spotted B-99 Colossus 4557 | -1/Access | Destroyed B-99 Colossus 4642 | -1/Access | Destroyed 11 combat bots 4723 | -1/Access | Reached level 35 4744 | -1/Access | High security lockdown imminent 4796 | -1/Access | Destroyed 8 combat bots 4824 | -1/Access | High security lockdown engaged 4864 | -1/Access | Spotted Striker 4870 | -1/Access | Destroyed Striker 4912 | -1/Access | Reached level 36 4960 | -1/Access | Destroyed 29 combat bots 4994 | -1/Access | Spotted Executioner 4994 | -1/Access | Spotted Executioner 5003 | -1/Access | Destroyed Executioner 5008 | -1/Access | Destroyed Executioner 5072 | -1/Access | Destroyed 27 combat bots 5077 | -1/Access | Crushed by falling debris 5232 | -1/Access | Spotted B-99 Colossus 5232 | -1/Access | Spotted B-99 Colossus 5235 | -1/Access | Destroyed B-99 Colossus 5240 | -1/Access | Destroyed B-99 Colossus 5243 | -1/Access | Spotted Executioner 5243 | -1/Access | Spotted Executioner 5243 | -1/Access | Spotted Executioner 5246 | -1/Access | Destroyed Executioner 5249 | -1/Access | Destroyed Executioner 5251 | -1/Access | Destroyed Executioner 5272 | -1/Access | Reached level 37 5293 | -1/Access | Discovered exit to Surface (range 9) 5304 | -1/Access | Crushed by falling debris 5304 | -1/Access | Destroyed 35 combat bots 5313 | -1/Access | Sterilization system engaged 5328 | -1/Access | Crushed by falling debris 5410 | -1/Access | Spotted Striker 5410 | -1/Access | Spotted Striker 5413 | -1/Access | Destroyed Striker 5416 | -1/Access | Spotted Striker 5416 | -1/Access | Spotted Executioner 5419 | -1/Access | Destroyed Executioner 5419 | -1/Access | Spotted Executioner 5419 | -1/Access | Spotted Striker 5420 | -1/Access | System corruption reached 10% 5425 | -1/Access | Destroyed Striker 5430 | -1/Access | Destroyed Striker 5438 | -1/Access | Destroyed Executioner 5438 | -1/Access | Spotted Striker 5440 | -1/Access | Destroyed Striker 5443 | -1/Access | Destroyed Striker 5470 | -1/Access | Destroyed 30 combat bots 5613 | -1/Access | Ambient heat levels rising (+10) 5763 | -1/Access | Ambient heat levels rising (+10) 5913 | -1/Access | Ambient heat levels rising (+10) 6021 | -1/Access | Spotted B-99 Colossus 6036 | -1/Access | Crushed by falling debris 6036 | -1/Access | Destroyed B-99 Colossus 6040 | -1/Access | Spotted B-99 Colossus 6054 | -1/Access | Destroyed B-99 Colossus 6063 | -1/Access | Ambient heat levels rising (+10) 6071 | -1/Access | Discovered exit to Command (range 4) 6074 | -1/Access | Entered Command 6140 | -1/Command | Found Unknown Launcher 6141 | -1/Command | Identified Gamma Bomb Array 6165 | -1/Command | Spotted B-99 Colossus 6166 | -1/Command | High security lockdown imminent 6180 | -1/Command | Destroyed B-99 Colossus 6201 | -1/Command | Destroyed 8 combat bots 6201 | -1/Command | Spotted M Guard 6201 | -1/Command | Spotted M Guard 6201 | -1/Command | Spotted Combat Programmer 6201 | -1/Command | Spotted Combat Programmer 6218 | -1/Command | Discovered exit to Surface (range 19) 6218 | -1/Command | Spotted Executioner 6218 | -1/Command | Spotted Executioner 6218 | -1/Command | Spotted Striker 6218 | -1/Command | Spotted Alpha 7 6218 | -1/Command | Spotted Executioner 6218 | -1/Command | Spotted Executioner 6218 | -1/Command | Spotted Striker 6218 | -1/Command | Spotted Alpha 7 6218 | -1/Command | Destroyed Alpha 7 6220 | -1/Command | Spotted B-99 Colossus 6220 | -1/Command | Spotted B-99 Colossus 6221 | -1/Command | Destroyed Executioner 6226 | -1/Command | Destroyed Striker 6226 | -1/Command | Destroyed Executioner 6226 | -1/Command | Reached level 38 6229 | -1/Command | Destroyed Executioner 6232 | -1/Command | Destroyed Alpha 7 6235 | -1/Command | Destroyed Executioner 6246 | -1/Command | High security lockdown engaged 6256 | -1/Command | Destroyed 9 combat bots 6256 | -1/Command | Destroyed B-99 Colossus 6259 | -1/Command | Destroyed B-99 Colossus 6294 | -1/Command | Spotted B-99 Colossus 6311 | -1/Command | Destroyed B-99 Colossus 6337 | -1/Command | Phase Generator disabled 6342 | -1/Command | Destroyed 10 combat bots 6361 | -1/Command | Found Corrupted Prototype Launcher 6361 | -1/Command | Identified Gui. Micro-nuke Launcher 6423 | -1/Command | Spotted Striker 6423 | -1/Command | Spotted Executioner 6425 | -1/Command | Build established: Wizard-Executioner 6428 | -1/Command | Destroyed Striker 6428 | -1/Command | Destroyed Executioner 6431 | -1/Command | Spotted Investigator 6431 | -1/Command | Destroyed Investigator 6464 | -1/Command | Destroyed 37 combat bots 6525 | -1/Command | Spotted Striker 6540 | -1/Command | System corruption reached 30% 6540 | -1/Command | Spotted Executioner 6542 | -1/Command | Spotted Executioner 6543 | -1/Command | Spotted Striker 6543 | -1/Command | Spotted Executioner 6551 | -1/Command | Destroyed Executioner 6551 | -1/Command | Reached level 39 6554 | -1/Command | Destroyed Striker 6557 | -1/Command | Destroyed Executioner 6603 | -1/Command | Lost 3 parts (1n1u1w) 6623 | -1/Command | Destroyed 167 combat bots 6728 | *** | Escaped! Last Messages --------------- 06636_ Acquired 101 matter. 06649_ System corrupted: Matter fused (-6). 06660_ Terminal unresponsive. 06666_ System corrupted: FCS attempts to trigger Enh. Nova Cannon. 06666_ System corrupted: Enh. Nova Cannon misfires. 06666_ Recycling Unit disabled. 06666_ Corrupted Prototype Leg tumbles out of recycling unit. 06670_ K-01 Serf collects debris. 06684_ System corrupted: Matter fused (-9). 06714_ System corrupted: Slammed into wall. 06716_ ALERT: Heavy assault forces dispatched. 06718_ Acquired 10 matter. 06719_ S ULXHDIAUEBX1/83/=UDQA=YBXU#T/FL|QUT 06719_ Acquired 8 matter. 06720_ System corrupted: Slammed into ceiling. 06723_ The Access Shell folds into the floor. [Achievement: Rambo] [Achievement: Victory By Combat] [Achievement: Death Machine] [Achievement: One Last FU] Map ----- +----------------------------------------------------+ | ##???????# # #??##+#### ## = | | #???????# #########+########????????# ######### | | #???????# #??????????????# ######## | | ##??????# #??????????????# | | #??????# #??????????????# ? ######## | | #####??# #???######?????## ##?????? | | # #### ##### #??????# #??????# | | # #??????# #??????#! | | # #??????# #??????# | | # # ########+###### #??????# #??????#? | | # # ! ######??????+ #???????? | | # # # ### = #???????????# #???????? | | % # == #???????????# +???????? | | # == #???????????# #???????? | | ## == #???????????# #???????? | | ### ! ! ! #???????????# #???????? | | # # # #???????????# #???????? | | # ###############???????????# #???????? | | ## ? ### #?????????????????????????# #???????? | | # # #?# #????###############??????# #???????? | | # #####?# #????#; #?###### +???????? | | # #?????# #????## #?# # #???????? | | # #?????# #????#; ^ #?# # #???????? | | ##????? ????#; #?# # #???????? | | ###?????? #????#; #?# # ######### | | #???????? # ???#; @" ^ #?# + | | #???????? ???#; "" ^ ###! #?######### | | ##??????? ??#; #" # #??# | | ????????? ??## ## # #??# | | ????????? # ?# ## # #??# | | ????????? ?# ] ####### #### | | ???????? # * #????# ##" | | ???????? # # ? # [ ;;#????# #?# !** | | ???????? # #### [ ###????# #?# !** | | ????????## ###???# =% #??????## ##?# !* | | ?????????# #?????# = = % #???????# #??# | | ?????????# #?????# %[ [=#???????# #??????# | | ?????????# #?????# [!= % #???????# #??????# | | ?????????# #?????# *%]= % #???????# #??##### | | ?????????# #?????#=/ ^^! #???????#?#??# =% | | ?????????# #?????#[% ! ;#???????# #??# | | ?????????######?????###^ ! % ;##???????# #??# | | ?????????????????????#;;////;;#????????# #### | | ?????????????????????###== ; #????????# + | | ??????????????????#####; %;##???####?# #### | | ??????????????????+ % ;###### ### #??#####" | | ??????????????????# ; ## #??????## | | ??????????????????# ; % #???????? | | ??????????????????# ; ? " #???????? | | ??????????????????### % "" # """#? | +----------------------------------------------------+ Best States ------------- Heat Dissipation 3655 Energy Generation 2020 Energy Capacity 25250 Matter Stores 4750 Matter Capacity 4750 Sight Range 55 Robot Scan Range 1394 Terrain Scan Range 30 Terrain Scan Density 10210 ECM Strength 2 Jamming Range 14 Armor Coverage 860 Resistance: KI 55 Resistance: TH 55 Resistance: EX 55 Resistance: EM 35 Resistance: I 35 Resistance: S 35 Resistance: P 35 Weapon Cycling 30 Evasion (%) 65 Offensive Hacking 1030 Defensive Hacking 1010 Authchip Count 1 Item Schematics ----------------- Lgt. Regenerative Plating | -6/Data Miner | Free Combat Drone Bay | -6/Data Miner | Free Cld. Gravmag System | -6/Data Miner | Free Imp. Energy Well | -6/Data Miner | Free Enh. Coil Gun | -6/Data Miner | Free Graphene Brace | -6/Data Miner | Free HERF Cannon | -6/Data Miner | Free Hvy. Siege Treads | -6/Data Miner | Free Robot Schematics ------------------ X-67 Chaingunner | -6/Data Miner | Free Y-54 Guardian | -6/Data Miner | Free H-66 Slayer | -6/Data Miner | Free R-10 Processor | -6/Data Miner | Free X-62 Marksman | -6/Data Miner | Free Fabricated ------------ Nothing Alien Tech Used ----------------- None Achievements -------------- Death Machine One Last FU Rambo Victory By Combat Challenges ------------ None RPGLIKE | -11 -10 -10 -8 -8 -6 -6 -6 -6 -5 -5 -5 -4 -3 -3 -3 -2 -2 -1 -1 -1 -1 --------- Run | Yrd Mat Sub Rec Scr Fac Low Low Dat Pro Fac DSF Fac Res Arm Lab Res DSF Acc Gar Acc Com Levels Raised 38 | . . 2 2 1 6 2 1 . 3 1 1 2 2 4 1 1 . 2 1 4 2 XP Earned 63205 | 6000 1055 2200 3854 1037 9786 1799 1700 650 3699 1500 1423 3721 2957 5222 1541 1399 826 3311 1516 5682 2327 XP Spent -949911120 | -957304360 3808750 . . . . . . . . . . . . . . . . . . 3584490 . Upgrades 3786 | 3004 275 . . . . . . . . . . . . . . . . . . 507 . Propulsion Slot 5 | 5 . . . . . . . . . . . . . . . . . . . . . Utility Slot 12 | 12 . . . . . . . . . . . . . . . . . . . . . Weapon Slot 5 | 5 . . . . . . . . . . . . . . . . . . . . . Core Integrity 388 | 388 . . . . . . . . . . . . . . . . . . . . . Heat Dissipation 605 | 98 . . . . . . . . . . . . . . . . . . . 507 . Energy Generation 399 | 399 . . . . . . . . . . . . . . . . . . . . . Energy Storage 498 | 498 . . . . . . . . . . . . . . . . . . . . . Matter Storage 89 | 89 . . . . . . . . . . . . . . . . . . . . . Mass Support 64 | 64 . . . . . . . . . . . . . . . . . . . . . Inventory Capacity 100 | 100 . . . . . . . . . . . . . . . . . . . . . Sight Range 32 | 32 . . . . . . . . . . . . . . . . . . . . . Sensor Range 690 | 415 275 . . . . . . . . . . . . . . . . . . . . Terrain Scan Density 101 | 101 . . . . . . . . . . . . . . . . . . . . . Ranged Accuracy 184 | 184 . . . . . . . . . . . . . . . . . . . . . Melee Accuracy 186 | 186 . . . . . . . . . . . . . . . . . . . . . Hack Attack % 202 | 202 . . . . . . . . . . . . . . . . . . . . . Hack Defense % 202 | 202 . . . . . . . . . . . . . . . . . . . . . KI Resistance % 4 | 4 . . . . . . . . . . . . . . . . . . . . . TH Resistance % 4 | 4 . . . . . . . . . . . . . . . . . . . . . EX Resistance % 4 | 4 . . . . . . . . . . . . . . . . . . . . . KI Damage % 4 | 4 . . . . . . . . . . . . . . . . . . . . . TH Damage % 4 | 4 . . . . . . . . . . . . . . . . . . . . . EX Damage % 4 | 4 . . . . . . . . . . . . . . . . . . . . . Protomatter Created 11344 | . 181 230 82 . . 134 119 . 167 . . 296 201 1019 . . 434 528 509 4665 2779 Integrity Restored 1699 | . 44 205 . . . 93 237 . . . . . 297 201 . . . 506 20 96 . Core 1613 | . 27 205 . . . 93 237 . . . . . 297 201 . . . 437 20 96 . Parts 86 | . 17 . . . . . . . . . . . . . . . . 69 . . . Protomatter Decayed 5180 | . 133 116 57 . . 38 . . 96 . . 265 51 603 . . 136 195 501 2270 719 Game ------ Seed DisruptionGammaSegregator Manual? 0 Play Time 02:26:49 Cumulative 50.3 hours Start 2024.08.11 @ 18:43:06 End 2024.08.12 @ 19:40:23 Sessions 3 Manual Loads 0 Difficulty Explorer Special Mode Winter2019/RPGLIKE Game No. 44 Rogue 0 Adventurer 0 Explorer 44 Win Type 0 Total 9 Types 4/1/2/1/0/0/1/0/0 Lore% 33 Gallery% 55 Achievement% 63 Wizard Run 0 Options --------- Layout 0 ASCII 0 Keyboard 0 Movement Mouse Keybinds 0 Fullscreen 2 Font 18/SmallcapsGlow Map View 76x50 Zoom Use 41% Tactical HUD 1 Map Filters NONE Filters NONE Steam 1 RUN: 27992329-4df1-4096-abdf-693d4d566442